 Dungeon Sprint DCSS version 0.30.0-29-ga12c61a403 (webtiles) character file.

Game seed: 15998680273042436387

31600000 Groucho the Axe Maniac (level 27, 158/217 (228) HPs)
             Began as a Djinni Warper on June 3, 2023.
             Was the Champion of Makhleb.
             Escaped with the Orb!
             The game lasted 00:08:46 (158 turns).

Groucho the Axe Maniac (Djinni Warper)               Turns: 158, Time: 00:08:46

HP:   158/217 (228) AC:  6    Str: 10    XL:     27
Gold: 0             EV: 31    Int: 22    God:    Makhleb [******] SH:  0 Dex: 20

rFire   + + .        i - +∞ Axe of Woe
rCold   x . .        (shield currently unavailable)
rNeg    . . .        b - +0 leather armour
rPois   ∞            (no helmet)
rElec   .            (no cloak)
rCorr   .            (no gloves)
SInv    +            (boots unavailable)
Will    ++...        (no amulet)
Stlth   ++++         g - ring of see invisible
HPRegen 0.56/turn    (no ring)
MPRegen 0.00/turn

%: no teleportation
@: flying, lightly drained
A: sickness immunity, fire resistance 2, cold vulnerability 1, float, innate
caster, HP casting, extra vitality 1
0: Orb of Zot
a: Renounce Religion, Minor Destruction, Lesser Servant of Makhleb, Major
Destruction, Greater Servant of Makhleb


You escaped.
You worshipped Makhleb.
Makhleb was exalted by your worship.
You visited 1 branch

Inventory:

Hand Weapons
 a - a +0 hand axe
 i - the +∞ Axe of Woe (weapon)
   (You found it in the Dungeon)
Missiles
 d - 7 boomerangs of dispersal
Armour
 b - a +0 leather armour (worn)
Jewellery
 g - a ring of see invisible (left hand)
 j - a +250 ring of slaying
 k - a +200 ring of slaying
Scrolls
 c - 2 scrolls of blinking
Potions
 e - a potion of curing
 f - a potion of heal wounds
 h - a potion of berserk rage


   Skills:
 O Level 27 Fighting
 O Level 27 Short Blades
 O Level 27 Long Blades
 O Level 27 Axes
 O Level 27 Maces & Flails
 O Level 27 Polearms
 O Level 27 Staves
 O Level 27 Ranged Weapons
 O Level 27 Throwing
 O Level 27 Armour
 O Level 27 Dodging
 O Level 27 Stealth
 O Level 27 Shields
 O Level 27 Unarmed Combat
 O Level 27 Spellcasting
 O Level 27 Invocations
 O Level 27 Evocations


You knew the following spells:

 Your Spells              Type           Power      Damage    Failure   Level
a - Blink                 Tloc           100%       N/A       0%          2
b - Lesser Beckoning      Tloc           100%       N/A       0%          2
c - Vhi's Electric Charg  Tloc/Air       100%       N/A       0%          3
d - Teleport Other        Tloc           99%        N/A       0%          3
e - Manifold Assault      Tloc           99%        N/A       0%          4
f - Sting                 Tmut/Pois      100%       1d8       0%          1
g - Searing Ray           Conj           100%       2d8       0%          2
h - Vampiric Draining     Necr           99%        2d13      0%          3
i - Passage of Golubria   Tloc           99%        N/A       0%          4
j - Summon Mana Viper     Hex/Summ       99%        N/A       0%          5
k - Arcjolt               Conj/Air       49%        1d59      0%          5
l - Iron Shot             Conj/Erth      49%        9d9       0%          6
m - Statue Form           Tmut/Erth      66%        N/A       0%          6
n - Malign Gateway        Summ/Tloc      49%        N/A       0%          7
o - Summon Hydra          Summ           49%        N/A       0%          7
p - Spellforged Servitor  Conj/Summ      49%        N/A       0%          7
q - Polar Vortex          Ice            49%        N/A       1%          9
r - Chain Lightning       Conj/Air       49%        3d66      1%          9
Your spell library was empty.

Dungeon Overview and Level Annotations

Branches:
Dungeon (1/1)

Altars:
Makhleb


Innate Abilities, Weirdness & Mutations

You are immune to sickness and miasma.
You are immune to poison.
Your flesh is very heat resistant. (rF++)
You are vulnerable to cold. (rC-)
You float through the air rather than walking.
You learn spells naturally, not from books.
Your magical power is your life essence.
You have superior vitality. (+4 MHP)


Message History

The Orb of Zot has appeared underneath you.
The dread appears out of thin air!
A dread comes into view.
You hear a shout! x2; You hear an angry hiss.
You hear a shout!
A bag of meat comes into view. It is wielding a +9 war axe.
You hear a shout! x5
Unknown command.
You pick up the Orb of Zot!
The Orb lets out a hideous shriek!
The lords of Pandemonium are not amused.
Beware!
Now all you have to do is get back out of the dungeon!
You hear two shouts!
You hear a shout! x2; You hear a roar!
You hear a bleat!
You hear a shout! x10; You hear two shouts!
You hear a shout! x3
You hear a bellow!
You hear a shout! x2; You hear a roar!
You hear a shout! x2
You hear two shouts!
You hear a shout! x5; You hear an angry hiss.
You hear a shout! x5; You hear a roar!
You hear an angry hiss.
You hear a shout! x2
You hear a deafening roar!
You hear a roar!
You hear a shout!
You hear a roar!
You hear an angry hiss.
You hear a shout! x2; You hear a roar!
You hear a shout!
You hear a roar!
You hear a shout! x8
You hear an angry hiss.
You hear a shout!
You hear a roar!
You hear a shout! x8
You hear a roar! x2; You hear a shout! x5; You hear an angry hiss.
You hear a shout! x5; You hear an angry growl.
You hear a shout!
You hear an angry hiss.
An observer comes into view.
A fleshlord comes into view. It is wielding a +9 great mace.
A wretched soul comes into view.
A meat berserker comes into view. It is wielding a +9 battleaxe.
A large bag of meat comes into view. It is wielding a +9 giant spiked club.
A bag of meat comes into view. It is wielding a +9 war axe. x2
You hear a shout!
A meat beast comes into view.
You hear a horrible gurgling sound!
Unknown command.
Unknown command.
You hear a shout! x3
The wretched soul breathes negative energy at you.
The bolt of negative energy hits you!!
HP restored.
You feel drained. The dread throws damnation at you.
The sphere of damnation explodes!
The damnation engulfs you!!
You hear a shout!
You have escaped!

.. .. )W......)
#O.. ..p# . #...
.).# . ..)###...
.).###D.
z.)o)..§###)..o..
#)..)))§)§).W.2..
))))z.#§§§..# ...
.).G.)#_.@)_#.2..
))...G#)..).#...o
#.....)))_))O)..o
....W))..###).).))
.)).###.)).)..###).
....).#.G...).#..O.
....).#))))).)#...
.)°)).)..)...)))..
#.....)).).).)..))


You could see a meat beast (fast), an eight-headed meat hydra, an observer
(fast, invisible), a fleshlord, a large bag of meat (inner flame), a dread, a
meat berserker (berserk), 2 wretched souls and 2 bags of meat.

Vanquished Creatures
  Dispater (D)
  13 hell knights (D)
  Edmund (D)
  8 great orbs of eyes (D)
  20 vampire knights (D)
  46 ogres (D)
  6 two-headed ogres (D)
  7 liches (D)
  6 hydras (D)
  Sigmund (D)
  4 phantoms (D)
  13 hell beasts (D)
  77 orcs (D)
  4 skeletal warriors (D)
  13 sea snakes (D)
  11 royal mummies (D)
  12 wraiths (D)
  Harold (D)
244 creatures vanquished.

Notes
Turn   | Place    | Note
-------+----------+-------------------------------------------
     0 | D        | Found the +∞ Axe of Woe
     0 | D        | Groucho the Djinni Warper began the quest for the Orb.
     0 | D        | Groucho set off with the following spells memorised: Blink,
                  | Lesser Beckoning, Vhi's Electric Charge, Teleport Other,
                  | Manifold Assault.
     0 | D        | Reached XP level 1. HP: 18/18 MP: 0/0
     1 | D        | Noticed a meat berserker
     3 | D        | Noticed a meat berserker
     3 | D        | Noticed a bag of meat
     3 | D        | Noticed a bag of meat
     4 | D        | Killed a meat berserker
     4 | D        | Noticed a bag of meat
     4 | D        | Noticed a bag of meat
     4 | D        | Noticed a bag of meat
     4 | D        | Noticed a bag of meat
     5 | D        | Reached XP level 2. HP: 23/23 MP: 0/0
     5 | D        | Reached XP level 3. HP: 28/28 MP: 0/0
     5 | D        | Learned a level 1 spell: Sting
     5 | D        | Reached XP level 4. HP: 33/33 MP: 0/0
     5 | D        | Reached XP level 5. HP: 38/38 MP: 0/0
     5 | D        | Learned a level 2 spell: Searing Ray
     5 | D        | Reached XP level 6. HP: 43/43 MP: 0/0
     5 | D        | Reached XP level 7. HP: 49/49 MP: 0/0
     5 | D        | Learned a level 3 spell: Vampiric Draining
     5 | D        | Reached XP level 8. HP: 54/54 MP: 0/0
     5 | D        | Reached XP level 9. HP: 58/58 MP: 0/0
     5 | D        | Learned a level 4 spell: Passage of Golubria
     5 | D        | Reached XP level 10. HP: 64/64 MP: 0/0
     5 | D        | Reached XP level 11. HP: 68/68 MP: 0/0
     5 | D        | Learned a level 5 spell: Summon Mana Viper
     5 | D        | Reached XP level 12. HP: 74/74 MP: 0/0
     5 | D        | Noticed a bag of meat
     5 | D        | Noticed a bag of meat
     7 | D        | Killed a meat berserker
     8 | D        | Reached XP level 13. HP: 78/78 MP: 0/0
     8 | D        | Learned a level 5 spell: Arcjolt
     8 | D        | Killed a bag of meat
     9 | D        | Reached XP level 14. HP: 85/85 MP: 0/0
     9 | D        | Killed a bag of meat
     9 | D        | Killed a bag of meat
     9 | D        | Killed a bag of meat
    10 | D        | Reached XP level 15. HP: 85/89 MP: 0/0
    10 | D        | Learned a level 6 spell: Iron Shot
    15 | D        | Noticed a meat berserker
    16 | D        | Reached skill level 27 in Axes
    16 | D        | Reached skill level 27 in Dodging
    16 | D        | Reached XP level 16. HP: 83/94 MP: 0/0
    16 | D        | Killed a meat berserker
    16 | D        | Noticed a meat berserker
    16 | D        | Noticed a meat berserker
    17 | D        | Reached XP level 17. HP: 83/99 MP: 0/0
    17 | D        | Learned a level 6 spell: Statue Form
    17 | D        | Killed a meat berserker
    18 | D        | Reached skill level 27 in Spellcasting
    18 | D        | Reached skill level 10 in Stealth
    18 | D        | Reached XP level 18. HP: 103/128 MP: 0/0
    20 | D        | Became a worshipper of Makhleb the Destroyer
    21 | D        | Killed a meat berserker
    21 | D        | Reached * piety under Makhleb
    22 | D        | Reached skill level 15 in Fighting
    22 | D        | Reached skill level 15 in Armour
    22 | D        | Noticed a meat berserker
    24 | D        | Killed a meat berserker
    25 | D        | Reached XP level 19. HP: 115/151 MP: 0/0
    25 | D        | Learned a level 7 spell: Malign Gateway
    25 | D        | Noticed a destroyer
    25 | D        | Noticed a large bag of meat
    25 | D        | Noticed a meat berserker
    25 | D        | Noticed a meat berserker
    25 | D        | Noticed a large bag of meat
    26 | D        | Killed a large bag of meat
    26 | D        | Reached ** piety under Makhleb
    26 | D        | Killed a large bag of meat
    26 | D        | Killed a destroyer
    26 | D        | Killed a meat berserker
    26 | D        | Reached *** piety under Makhleb
    27 | D        | Reached XP level 20. HP: 174/174 MP: 0/0
    27 | D        | Killed a meat berserker
    27 | D        | Reached **** piety under Makhleb
    27 | D        | Noticed a meat berserker
    28 | D        | Reached skill level 27 in Fighting
    28 | D        | Reached skill level 27 in Armour
    28 | D        | Reached XP level 21. HP: 187/187 MP: 0/0
    28 | D        | Learned a level 7 spell: Summon Hydra
    29 | D        | Noticed a meat berserker
    30 | D        | Noticed a large bag of meat
    30 | D        | Noticed a meat berserker
    31 | D        | Reached ***** piety under Makhleb
    32 | D        | Reached skill level 27 in Stealth
    32 | D        | Killed a meat berserker
    33 | D        | Reached skill level 27 in Invocations
    33 | D        | Reached skill level 1 in Short Blades
    33 | D        | Reached skill level 1 in Long Blades
    33 | D        | Reached skill level 1 in Maces & Flails
    33 | D        | Reached skill level 1 in Polearms
    33 | D        | Reached skill level 1 in Staves
    33 | D        | Reached skill level 1 in Ranged Weapons
    33 | D        | Reached skill level 1 in Throwing
    33 | D        | Reached skill level 1 in Shields
    33 | D        | Reached skill level 1 in Unarmed Combat
    33 | D        | Reached skill level 1 in Evocations
    33 | D        | Reached XP level 22. HP: 194/194 MP: 0/0
    33 | D        | Killed a large bag of meat
    33 | D        | Killed a meat berserker
    33 | D        | Reached ****** piety under Makhleb
    33 | D        | Noticed The Servant
    34 | D        | Killed The Servant
    34 | D        | Killed a meat berserker
    35 | D        | Reached skill level 10 in Maces & Flails
    35 | D        | Reached skill level 10 in Polearms
    35 | D        | Reached skill level 10 in Ranged Weapons
    35 | D        | Reached skill level 10 in Throwing
    35 | D        | Reached XP level 23. HP: 201/201 MP: 0/0
    35 | D        | Learned a level 7 spell: Spellforged Servitor
    35 | D        | Noticed a destroyer
    36 | D        | Noticed a destroyer
    38 | D        | Noticed a destroyer
    38 | D        | Killed a destroyer
    38 | D        | Noticed a destroyer
    39 | D        | Killed a destroyer
    40 | D        | Reached skill level 15 in Short Blades
    40 | D        | Reached skill level 15 in Long Blades
    40 | D        | Reached skill level 15 in Staves
    40 | D        | Reached XP level 24. HP: 208/208 MP: 0/0
    40 | D        | Killed a destroyer
    40 | D        | Noticed a destroyer
    41 | D        | Reached skill level 15 in Maces & Flails
    41 | D        | Reached skill level 15 in Polearms
    41 | D        | Reached skill level 15 in Ranged Weapons
    41 | D        | Reached skill level 15 in Throwing
    42 | D        | Noticed a destroyer
    43 | D        | Killed a destroyer
    43 | D        | Killed a destroyer
    44 | D        | Reached XP level 25. HP: 214/214 MP: 0/0
    44 | D        | Learned a level 9 spell: Polar Vortex
    47 | D        | Noticed an accursed
    47 | D        | Killed an accursed
    48 | D        | Reached XP level 26. HP: 221/221 MP: 0/0
    48 | D        | Noticed an accursed
    49 | D        | Noticed an accursed
    51 | D        | Killed an accursed
    51 | D        | Killed an accursed
    53 | D        | Noticed a tyrant
    57 | D        | Killed a tyrant
    58 | D        | Noticed The Captor
    58 | D        | Killed The Captor
    59 | D        | Reached XP level 27. HP: 224/228 MP: 0/0
    59 | D        | Learned a level 9 spell: Chain Lightning
    63 | D        | Reached skill level 27 in Shields
    63 | D        | Noticed a dread
    63 | D        | Killed a dread
    64 | D        | Reached skill level 27 in Unarmed Combat
    64 | D        | Reached skill level 27 in Evocations
    64 | D        | Noticed a meat beast
    64 | D        | Killed a meat beast
    65 | D        | Reached skill level 27 in Short Blades
    65 | D        | Reached skill level 27 in Long Blades
    65 | D        | Reached skill level 27 in Maces & Flails
    65 | D        | Reached skill level 27 in Polearms
    65 | D        | Reached skill level 27 in Staves
    65 | D        | Reached skill level 27 in Ranged Weapons
    65 | D        | Reached skill level 27 in Throwing
    65 | D        | Noticed a meat beast
    68 | D        | Noticed a dread
    69 | D        | Killed a dread
    70 | D        | Noticed a meat beast
    71 | D        | Noticed a dread
    71 | D        | Killed a dread
    72 | D        | Noticed a dread
    74 | D        | Noticed a meat beast
    75 | D        | Noticed a large bag of meat
    77 | D        | Killed a large bag of meat
    77 | D        | Killed a meat beast
    77 | D        | Killed a dread
    80 | D        | Killed a meat beast
    83 | D        | Noticed a meat beast
    83 | D        | Noticed a destroyer
    83 | D        | Noticed an accursed
    83 | D        | Noticed a meat beast
    84 | D        | Killed a meat beast
    84 | D        | Killed a meat beast
    84 | D        | Noticed a destroyer
    87 | D        | Killed a destroyer
    87 | D        | Killed a meat beast
    88 | D        | Noticed a dread
    89 | D        | Noticed a dread
    90 | D        | Noticed an accursed
    90 | D        | Killed an accursed
    90 | D        | Killed an accursed
    92 | D        | Killed a dread
    92 | D        | Noticed a dread
    93 | D        | Killed a dread
    93 | D        | Killed a dread
    94 | D        | Noticed a destroyer
    95 | D        | Killed a destroyer
    98 | D        | Noticed a destroyer
    99 | D        | Killed a destroyer
    99 | D        | Noticed a meat beast
   100 | D        | Killed a destroyer
   100 | D        | Killed a meat beast
   100 | D        | Noticed an accursed
   101 | D        | Killed an accursed
   103 | D        | Noticed a tyrant
   104 | D        | Killed a tyrant
   104 | D        | Noticed a meat beast
   105 | D        | Killed a meat beast
   106 | D        | Noticed a destroyer
   107 | D        | Killed a destroyer
   107 | D        | Noticed an accursed
   108 | D        | Killed an accursed
   108 | D        | Noticed a tyrant
   108 | D        | Noticed a dread
   109 | D        | Killed a tyrant
   109 | D        | Killed a dread
   110 | D        | Noticed a large bag of meat
   111 | D        | Killed a large bag of meat
   111 | D        | Noticed a destroyer
   112 | D        | Killed a destroyer
   112 | D        | Noticed an accursed
   113 | D        | Killed an accursed
   113 | D        | Noticed a destroyer
   113 | D        | Noticed an accursed
   113 | D        | Noticed a tyrant
   114 | D        | Killed a tyrant
   114 | D        | Killed an accursed
   114 | D        | Killed a destroyer
   115 | D        | Noticed a meat beast
   115 | D        | Noticed a dread
   116 | D        | Killed a dread
   117 | D        | Noticed a meat beast
   117 | D        | Killed a meat beast
   117 | D        | Noticed a tyrant
   118 | D        | Killed a meat beast
   118 | D        | Noticed a dread
   119 | D        | Killed a dread
   119 | D        | Noticed an accursed
   119 | D        | Noticed a destroyer
   120 | D        | Killed a destroyer
   120 | D        | Killed an accursed
   120 | D        | Noticed a fleshlord
   122 | D        | Killed a tyrant
   122 | D        | Killed a fleshlord
   122 | D        | Noticed a fleshlord
   122 | D        | Noticed a tyrant
   122 | D        | Noticed a fleshlord
   123 | D        | Killed a fleshlord
   123 | D        | Killed a fleshlord
   123 | D        | Killed a tyrant
   123 | D        | Noticed a fleshlord
   123 | D        | Noticed an accursed
   124 | D        | Killed a fleshlord
   124 | D        | Killed an accursed
   130 | D        | Noticed a fleshlord
   131 | D        | Noticed a fleshlord
   131 | D        | Noticed a dread
   133 | D        | Noticed a destroyer
   133 | D        | Noticed a destroyer
   134 | D        | Noticed The Defiler
   135 | D        | Noticed a destroyer
   135 | D        | Killed a destroyer
   135 | D        | Killed a destroyer
   135 | D        | Killed The Defiler
   135 | D        | Killed a dread
   135 | D        | Noticed a meat beast
   136 | D        | Killed a destroyer
   136 | D        | Killed a meat beast
   136 | D        | Killed a destroyer
   136 | D        | Noticed a fleshlord
   138 | D        | Noticed a dread
   138 | D        | Noticed a fleshlord
   139 | D        | Noticed a fleshlord
   139 | D        | Noticed a fleshlord
   140 | D        | Killed a fleshlord
   140 | D        | Killed a fleshlord
   140 | D        | Killed a fleshlord
   140 | D        | Noticed a destroyer
   140 | D        | Noticed a fleshlord
   141 | D        | Killed a fleshlord
   141 | D        | Killed a dread
   141 | D        | Killed a fleshlord
   142 | D        | Killed a fleshlord
   145 | D        | Killed a fleshlord
   146 | D        | Noticed a large bag of meat
   147 | D        | Noticed a tyrant
   147 | D        | Noticed a destroyer
   148 | D        | Killed a destroyer
   148 | D        | Killed a tyrant
   148 | D        | Noticed a meat beast
   148 | D        | Noticed a meat beast
   149 | D        | Killed a destroyer
   150 | D        | Killed a meat beast
   151 | D        | Killed a meat beast
   151 | D        | Noticed a fleshlord
   152 | D        | Killed a fleshlord
   152 | D        | Killed a large bag of meat
   153 | D        | Noticed a fleshlord
   153 | D        | Noticed The Meatlord
   154 | D        | Killed a fleshlord
   155 | D        | Killed The Meatlord
   156 | D        | Noticed a dread
   156 | D        | Got the Orb of Zot
   156 | D        | Noticed a fleshlord
   156 | D        | Noticed a large bag of meat
   156 | D        | Noticed a meat beast
   157 | D        | Noticed a meat beast
   158 | D        | Escaped with the Orb!

Illustrated notes

Levels and vault maps discovered:
D:        meatsprint

Skill      XL: |  1  2  3  4  5  6  7  8  9 10 11 12 13 14 15 16 17 18 19 20 21 22 23 24 25 26 27 |
---------------+----------------------------------------------------------------------------------+-----
Axes           | 17 20 21 23 27 | 27.0
Dodging        | 16 19 20 22 27 | 27.0
Spellcasting   | 12 14 16 20 25 27 | 27.0
Fighting       | 11 18 24 27 | 27.0
Armour         | 11 18 24 27 | 27.0
Stealth        | 10 16 22 25 27 | 27.0
Invocations    | 27 | 27.0
Short Blades   | 1 11 15 18 20 24 27 | 27.0
Long Blades    | 1 11 15 18 20 24 27 | 27.0
Maces & Flails | 1 10 13 17 18 22 27 | 27.0
Polearms       | 1 10 13 17 18 22 27 | 27.0
Staves         | 1 11 15 18 20 24 27 | 27.0
Ranged Weapons | 1 10 13 17 18 22 27 | 27.0
Throwing       | 1 10 13 17 18 22 27 | 27.0
Shields        | 1 12 16 20 21 26 27 | 27.0
Unarmed Combat | 1 12 16 20 21 26 27 | 27.0
Evocations     | 1 12 16 20 21 26 27 | 27.0

Action                     |  1- 3 |  4- 6 |  7- 9 | 10-12 | 13-15 | 16-18 | 19-21 | 22-24 | 25-27 || total
---------------------------+-------+-------+-------+-------+-------+-------+-------+-------+-------++-------
  Melee: Executioner's axe |     1 |       |       |     1 |    11 |    11 |    16 |    20 |   184 ||   244
   Cast: Manifold Assault  |       |       |       |       |     3 |     4 |     4 |     5 |    62 ||    78
    Use: Potion            |       |       |       |       |       |       |       |       |     1 ||     1
  Dodge: Dodged            |       |       |       |       |       |       |       |       |     2 ||     2
